 Dungeon Crawl Stone Soup version 0.26-a0-255-gd5f3108e62 (webtiles) character file.

Game seed: 17052219523177145478

23088 gruber the Destroyer (level 13, -2/83 HPs)
             Began as an Octopode Conjurer on July 9, 2020.
             Was a High Priest of Vehumet.
             Slain by an unseen horror (11 damage)
             ... on level 12 of the Dungeon.
             The game lasted 00:27:36 (16963 turns).

gruber the Destroyer (Octopode Conjurer)           Turns: 16963, Time: 00:27:37

Health: -2/83      AC:  1    Str: 12    XL:     13   Next: 4%
Magic:  11/25      EV: 18    Int: 25    God:    Vehumet [*****.]
Gold:   782        SH:  6    Dex: 17    Spells: 13/28 levels left

rFire    . . .     SeeInvis .   x - +3 spear
rCold    . . .     Faith    .   p - +0 buckler
rNeg     + . .     Spirit   .   (helmet restricted)
rPois    .         Reflect  .   (no amulet)
rElec    .         Harm     .   j - +6 ring of dexterity
rCorr    .                      D - ring of positive energy
MR       .....                  F - +6 ring of strength
Stlth    +++.......             (no ring)
HPRegen  0.23/turn              (no ring)
MPRegen  0.19/turn              (no ring)
                                (no ring)
                                (no ring)

@: about to teleport
A: almost no armour, stealthy swim, amphibious, 8 rings, constrict 8, camouflage
1, gelatinous body 1
a: Renounce Religion


You were on level 12 of the Dungeon.
You worshipped Vehumet.
Vehumet was extremely pleased with you.
You were not hungry.

You visited 2 branches of the dungeon, and saw 13 of its levels.

You collected 927 gold pieces.
You spent 145 gold pieces at shops.

Inventory:

Hand Weapons
 x - a +3 spear (weapon)
Missiles
 H - a throwing net (quivered)
Armour
 p - a +0 buckler (worn)
 J - a +0 kite shield
Jewellery
 j - a +6 ring of dexterity (left tentacle)
 D - a ring of positive energy (right tentacle)
 F - a +6 ring of strength (on tentacle)
Wands
 v - a wand of paralysis (14)
 G - a wand of digging (7)
 I - a wand of disintegration (12)
Scrolls
 a - 4 scrolls of amnesia {unknown}
 b - 4 scrolls of teleportation
 e - 9 scrolls of identify {unknown}
 g - 2 scrolls of blinking {unknown}
 l - 3 scrolls of fear {unknown}
 m - 7 scrolls of remove curse
 n - 4 scrolls of enchant weapon {unknown}
 t - 5 scrolls of magic mapping {unknown}
 u - 3 scrolls of enchant armour {unknown}
 w - 2 scrolls of fog {unknown}
 y - 2 scrolls of random uselessness {unknown}
 C - 2 scrolls of vulnerability {unknown}
Potions
 c - 2 potions of flight {unknown}
 d - 3 potions of haste {unknown}
 f - 2 potions of curing
 h - a potion of cancellation {unknown}
 i - a potion of degeneration {unknown}
 k - 4 potions of lignification
 o - 5 potions of heal wounds {unknown}
 r - a potion of might {unknown}
 s - a potion of stabbing {unknown}
 z - 3 potions of mutation {unknown}
 A - a potion of brilliance {unknown}
 B - a potion of ambrosia {unknown}
 E - a potion of magic {unknown}
Comestibles
 q - 40 rations


   Skills:
 - Level 6.1 Fighting
 - Level 7.0 Dodging
 - Level 2.6 Stealth
 - Level 7.1 Shields
 - Level 8.1 Spellcasting
 * Level 10.6 Conjurations
 - Level 7.3 Necromancy
 - Level 3.0 Transmutations
 - Level 3.0 Fire Magic
 - Level 7.0 Earth Magic
 - Level 7.0 Poison Magic
 - Level 1.0 Evocations


You had 13 spell levels left.
You knew the following spells:

 Your Spells              Type           Power        Failure   Level
a - Magic Dart            Conj           ####         1%          1
b - Searing Ray           Conj           ######       1%          2
c - Ignite Poison         Fire/Tmut/Pois ####....     1%          3
d - Olgreb's Toxic Radia  Pois           #####...     1%          4
e - Borgnjor's Vile Clut  Necr/Erth      #####.....   9%          5

Your spell library contained the following spells:

 Spells                   Type           Power        Failure   Level
 Yara's Violent Unravell  Hex/Tmut       ###.......   22%         5
 Animate Skeleton         Necr           #####.       1%          1
 Dazzling Flash           Conj/Hex       #####.       1%          3
 Fulminant Prism          Conj/Hex       #####.....   1%          4
 Iskenderun's Mystic Bla  Conj/Tloc      #####...     1%          4
 Animate Dead             Necr           #####.....   2%          4
 Apportation              Tloc           ##....       6%          1
 Corona                   Hex            ##.....      6%          1
 Summon Small Mammal      Summ           ##..         6%          1
 Recall                   Summ/Tloc      N/A          19%         3
 Death Channel            Necr           #####.....   41%         6
 Simulacrum               Ice/Necr       ####......   90%         6


Dungeon Overview and Level Annotations

Branches:
Dungeon (12/15)            Temple (1/1) D:7            Lair (0/6) D:11
    Orc (0/2) D:10

Altars:
Cheibriados
Dithmenos
Elyvilon
Fedhas
Gozag
Hepliaklqana
Kikubaaqudgha
Makhleb
Nemelex Xobeh
Okawaru
Qazlal
Sif Muna
Trog
Uskayaw
Vehumet
Wu Jian
Xom
Yredelemnul
Zin
The Shining One
Beogh

Shops:
D:9 %*   D:12 }

Annotations:
D:8 2 transporters
D:12 1 runed translucent door, Esekla's ghost, journeyman FoVM


Innate Abilities, Weirdness & Mutations

You cannot wear most types of armour.
You are very stealthy in the water. (Stealth+)
You are amphibious.
You can wear up to eight rings at the same time.
You can use your tentacles to constrict eight enemies at once.
Your skin changes colour to match your surroundings (Stealth+).
Your rubbery body absorbs attacks. (AC +1, EV +1)


Message History

The orc wizard seems to speed up.
Something barely misses you.
A hippogriff comes into view.
Something barely misses you.
The orc wizard gestures at you while chanting.
The puff of frost misses you.
The orc wizard casts a cantrip, but nothing happens.
Something barely misses you. x2
The orc knight roars a battlecry!
Something hits you. Something hits you. The hippogriff misses you.
The hippogriff pecks you!
* * * LOW HITPOINT WARNING * * *
The hippogriff claws you!
* * * LOW HITPOINT WARNING * * *
Something hits you.
* * * LOW HITPOINT WARNING * * *
The orc wizard miscasts a cantrip.
As you read the scroll of teleportation, it crumbles to dust.
You feel strangely unstable. Something hits you!
You die...

##T..# #...## ##... #....#
#..# #.... ##.# #######
#... #.o ........# #..# #
#.# 8.....8.# #..##.#
.........###.....## #
.....>...##.@#..... #
#.........##..H...... #
#.........##..##..... #
#......[.o.o..##....##..#
# .8.....8o###......##.Qc
.........##..###..#...##.
.# .#.##.##.##.#.#
#.##!y.#).##..
.........#.##.###)#....#..
...
########..###...).#....#.#
#..


You could see a hippogriff and an orc wizard (fast, strong).

Vanquished Creatures
  2 ogre magi
  Josephine (D:10)
  A hydra (D:12)
  A centaur warrior (D:12)
  8 two-headed ogres
  A deep elf mage (D:12)
  An ugly thing (D:11)
  2 cyclopes
  A manticore (D:12)
  A gargoyle (D:12)
  Maggie (D:8)
  A troll (D:11)
  3 hippogriffs
  A slime creature (D:12)
  8 wraiths
  3 yaks (D:9)
  A shadow (D:11)
  7 vampire mosquitoes (D:12)
  Edmund (D:5)
  A water moccasin (D:9)
  An acid dragon (D:11)
  3 sky beasts
  6 orc warriors
  4 ice beasts
  A phantom (D:11)
  2 eyes of draining (D:11)
  20 ogres
  6 centaurs
  4 big kobolds
  9 bullfrogs
  5 scorpions
  13 killer bees
  7 wights
  5 howler monkeys
  A centaur zombie (D:7)
  2 bullfrog zombies (D:5)
  A quasit (D:10)
  3 jellies (D:10)
  3 hounds
  2 centaur skeletons
  16 orc priests
  18 orc wizards
  2 bullfrog skeletons
  3 iguanas
  8 worker ants
  A hound skeleton (D:5)
  A worker ant zombie (D:11)
  9 adders
  8 gnolls
  A shadow imp (D:7)
  5 oozes (D:10)
  An adder zombie (D:9)
  An adder skeleton (D:4)
  2 dart slugs
  5 leopard geckos
  57 orcs
  4 giant cockroaches
  4 goblins
  8 hobgoblins
  22 jackals
  26 kobolds
  4 quokkas
  3 ball pythons (D:2)
  5 bats
  A leopard gecko skeleton (D:5)
  A quokka skeleton (D:9)
  3 rats (D:1)
363 creatures vanquished.

Notes
Turn   | Place    | Note
-------+----------+-------------------------------------------
     0 | D:1      | gruber the Octopode Conjurer began the quest for the Orb.
     0 | D:1      | Reached XP level 1. HP: 11/11 MP: 3/3
    73 | D:1      | Reached XP level 2. HP: 17/17 MP: 0/5
   902 | D:1      | Reached XP level 3. HP: 15/21 MP: 6/6
  1095 | D:1      | Learned a level 2 spell: Searing Ray
  1229 | D:1      | Reached skill level 5 in Conjurations
  1906 | D:2      | Reached XP level 4. HP: 16/27 MP: 5/7
  2690 | D:3      | Found a shimmering blue altar of Sif Muna.
  3147 | D:3      | Found a basalt altar of Yredelemnul.
  3158 | D:3      | Reached XP level 5. HP: 31/31 MP: 3/8
  3206 | D:3      | Reached skill level 6 in Conjurations
  3464 | D:4      | Reached XP level 6. HP: 31/36 MP: 6/10
  3622 | D:4      | Reached skill level 7 in Conjurations
  3647 | D:4      | Reached XP level 7. HP: 34/41 MP: 1/12
  4126 | D:4      | Reached skill level 1 in Shields
  4601 | D:5      | Entered Level 5 of the Dungeon
  4696 | D:5      | Reached skill level 8 in Conjurations
  4871 | D:5      | Reached XP level 8. HP: 43/46 MP: 9/15
  5071 | D:5      | Reached skill level 5 in Spellcasting
  5081 | D:5      | Noticed Edmund
  5090 | D:5      | Killed Edmund
  5238 | D:5      | Reached skill level 1 in Evocations
  5251 | D:5      | Reached skill level 9 in Conjurations
  5937 | D:6      | Reached XP level 9. HP: 51/51 MP: 16/19
  6701 | D:7      | Found a staircase to the Ecumenical Temple.
  6710 | Temple   | Entered the Ecumenical Temple
  6927 | Temple   | Became a worshipper of Vehumet
  7260 | D:7      | Found an opulent altar of Gozag.
  7372 | D:7      | Found a shimmering altar of Xom.
  7381 | D:7      | Found a white marble altar of Elyvilon.
  7566 | D:7      | Found a stormy altar of Qazlal.
  7715 | D:8      | Reached * piety under Vehumet
  7715 | D:8      | Offered knowledge of Shock by Vehumet.
  7733 | D:8      | Reached skill level 5 in Shields
  7997 | D:8      | Reached XP level 10. HP: 27/56 MP: 11/22
  8176 | D:8      | Reached skill level 1 in Fighting
  8738 | D:8      | Noticed Maggie
  8746 | D:8      | Killed Maggie
  8798 | D:8      | Found a transporter.
  8801 | D:8      | Found a roughly hewn altar of Beogh.
  8801 | D:8      | Found a transporter.
  8942 | D:8      | Found an ancient bone altar of Kikubaaqudgha.
  9033 | D:8      | Offered knowledge of Foxfire by Vehumet.
  9221 | D:9      | Reached ** piety under Vehumet
  9342 | D:9      | Reached skill level 5 in Fighting
  9636 | D:9      | Found a glowing silver altar of Zin.
  9799 | D:9      | HP: 2/68 [hippogriff (4)]
 10288 | D:9      | Found Simuat's Assorted Antiques.
 10291 | D:9      | Bought a notched emerald ring for 145 gold pieces
 10300 | D:9      | Found Feso's Food Shoppe.
 10326 | D:9      | Offered knowledge of Ignite Poison by Vehumet.
 10537 | D:9      | Learned a level 3 spell: Ignite Poison
 10603 | D:9      | Reached skill level 5 in Dodging
 11382 | D:10     | Entered Level 10 of the Dungeon
 11393 | D:10     | Reached *** piety under Vehumet
 11693 | D:10     | Reached XP level 11. HP: 72/72 MP: 20/23
 12067 | D:10     | Noticed Josephine
 12082 | D:10     | Killed Josephine
 12082 | D:10     | Reached skill level 1 in Transmutations
 12082 | D:10     | Reached skill level 1 in Fire Magic
 12446 | D:10     | Offered knowledge of Olgreb's Toxic Radiance by Vehumet.
 12455 | D:10     | Learned a level 4 spell: Olgreb's Toxic Radiance
 12549 | D:10     | Found a staircase to the Orcish Mines.
 12559 | D:10     | Found a roughly hewn altar of Beogh.
 13042 | D:11     | Noticed a cyclops
 13045 | D:11     | Killed a cyclops
 13045 | D:11     | Reached skill level 5 in Poison Magic
 13156 | D:11     | Noticed a two-headed ogre
 13164 | D:11     | Reached **** piety under Vehumet
 13187 | D:11     | Killed a two-headed ogre
 13333 | D:11     | Learned a level 5 spell: Borgnjor's Vile Clutch
 13466 | D:11     | Offered knowledge of Sticky Flame by Vehumet.
 13475 | D:11     | Reached skill level 1 in Necromancy
 13475 | D:11     | Reached skill level 1 in Earth Magic
 13864 | D:11     | Noticed a two-headed ogre
 13864 | D:11     | Noticed a two-headed ogre
 13865 | D:11     | Noticed a two-headed ogre
 13898 | D:11     | Killed a two-headed ogre
 13898 | D:11     | Killed a two-headed ogre
 13941 | D:11     | Killed a two-headed ogre
 13941 | D:11     | Reached XP level 12. HP: 79/79 MP: 3/24
 14061 | D:11     | Noticed a two-headed ogre
 14061 | D:11     | Noticed a two-headed ogre
 14061 | D:11     | Noticed an ogre mage
 14061 | D:11     | Noticed a two-headed ogre
 14075 | D:11     | Killed a two-headed ogre
 14079 | D:11     | Killed an ogre mage
 14079 | D:11     | Reached skill level 5 in Necromancy
 14079 | D:11     | Reached skill level 5 in Earth Magic
 14109 | D:11     | Killed a two-headed ogre
 14335 | D:11     | Killed a two-headed ogre
 14478 | D:11     | Found a staircase to the Lair.
 15043 | D:12     | Found an opulent altar of Gozag.
 15100 | D:12     | Found Noer's Gadget Shoppe.
 15159 | D:12     | Found a runed translucent door.
 15159 | D:12     | Noticed a rakshasa
 15159 | D:12     | Noticed Esekla's ghost (journeyman FoVM)
 15942 | D:12     | Reached ***** piety under Vehumet
 16133 | D:12     | Noticed an ogre mage
 16138 | D:12     | Killed an ogre mage
 16504 | D:12     | Noticed an eight-headed hydra
 16521 | D:12     | Killed an eight-headed hydra
 16730 | D:12     | Noticed a two-headed ogre
 16743 | D:12     | Killed a two-headed ogre
 16743 | D:12     | Reached skill level 10 in Conjurations
 16871 | D:12     | Noticed a centaur warrior
 16871 | D:12     | Noticed a tengu warrior
 16939 | D:12     | Offered knowledge of Yara's Violent Unravelling by Vehumet.
 16942 | D:12     | Reached XP level 13. HP: 45/83 MP: 11/25
 16963 | D:12     | Slain by an unseen horror

Illustrated notes

Levels and vault maps discovered:
D:1:      dpeg_arrival_renting, layout_basic, serial_corexii_hall,
          chequers_hall_statues_y, corexii_hall_statues_t
D:2:      layout_basic, minmay_misc_feat_tiny
D:3:      layout_basic, lemuel_round_altar, kennysheep_cluttered_room,
          lemuel_tele_altar
D:4:      cheibrodos_pilgrimage, layout_rooms, minmay_joined_circles
D:5:      layout_basic, first_ration, uniq_edmund
D:6:      layout_basic
D:7:      layout_cave_pools, old_standard_altar,
          nicolae_qazlal_style_of_elements, amethyst_overflow_temple_binary,
          minmay_temple_entry_sparse_star
D:8:      gammafunk_beogh_shrine, layout_loops_ring, kiku_gazebo_pond_becter,
          uniq_maggie
D:9:      layout_gridville, nicolae_overflow_hidden_temple, serial_shops,
          kennysheep_mini, shop
D:10:     layout_long_grid, minmay_orc_entry_temple_small,
          hangedman_little_slice_of_home, kennysheep_cross_bottleneck,
          uniq_josephine
D:11:     lemuel_ogre_cave, layout_basic
D:12:     minmay_swirls_squares, layout_loops_corners, basic_altar,
          serial_shops, shop, ebering_ghost_inner_flame, st_stairs_1
Temple:   oiseaux_autumnal_temple

Skill      XL: |  1  2  3  4  5  6  7  8  9 10 11 12 |
---------------+-------------------------------------+-----
Conjurations   | 5 6 7 8 9 10 | 10.6
Spellcasting   | 3 4 6 8 |  8.1
Shields        | 1 2 7 |  7.1
Evocations     | 1 |  1.0
Fighting       | 6 |  6.1
Dodging        | 6 7 |  7.0
Transmutations | 3 |  3.0
Fire Magic     | 3 |  3.0
Poison Magic   | 7 |  7.0
Necromancy     | 4 7 |  7.3
Earth Magic    | 4 7 |  7.0
Stealth        | |  2.6

Action                   |  1- 3 |  4- 6 |  7- 9 | 10-12 | 13-15 || total
-------------------------+-------+-------+-------+-------+-------++-------
Melee: Unarmed           |    33 |    24 |       |       |       ||    57
       Constrict         |     9 |     5 |    10 |    16 |       ||    40
       Tentacles         |     5 |     5 |     7 |    20 |       ||    37
       Rapier            |       |       |    35 |       |       ||    35
       Spear             |       |       |    13 |    93 |       ||   106
Throw: Throwing net      |       |       |     1 |       |       ||     1
 Cast: Magic Dart        |    45 |    36 |    31 |    66 |       ||   178
       Searing Ray       |       |    10 |    58 |    90 |       ||   158
       Olgreb's Toxic Ra |       |       |       |    47 |       ||    47
       Ignite Poison     |       |       |       |    26 |     2 ||    28
       Borgnjor's Vile C |       |       |       |    14 |     1 ||    15
Evoke: Wand              |       |       |     5 |       |       ||     5
  Use: Potion            |       |       |     1 |       |       ||     1
       Scroll            |       |       |       |     2 |     1 ||     3
 Stab: Sleeping          |     6 |       |     1 |     2 |       ||     9
       Paralysed         |       |       |     9 |       |       ||     9
       Distracted        |       |       |     1 |     1 |       ||     2
  Eat: Ration            |     1 |     2 |     4 |     7 |       ||    14
Armor: Skin              |     1 |     1 |     5 |     6 |       ||    13
Dodge: Dodged            |    23 |    26 |    33 |   135 |     7 ||   224
Block: Buckler           |       |     6 |    13 |    49 |     2 ||    70

Table legend:
 A = Non-vault XP
 B = Vault XP
 C = Vault XP percentage of total XP
 D = Non-vault monster count
 E = Vault monster count
 F = Vault count percentage of total count
                 A         B        C        D         E       F
            +---------+---------+-------+---------+---------+-------
      Total |   15765 |   17218 |  52.2 |     293 |      70 |  19.3
            +---------+---------+-------+---------+---------+-------
        D:1 |      53 |       0 |   0.0 |      22 |       0 |   0.0
        D:2 |      69 |       0 |   0.0 |      19 |       0 |   0.0
        D:3 |      74 |       0 |   0.0 |       9 |       0 |   0.0
        D:4 |     195 |     617 |  76.0 |      15 |      14 |  48.3
        D:5 |     672 |     166 |  19.8 |      29 |       1 |   3.3
        D:6 |     643 |       0 |   0.0 |      20 |       0 |   0.0
        D:7 |    1115 |       0 |   0.0 |      25 |       0 |   0.0
        D:8 |    1802 |     409 |  18.5 |      43 |       1 |   2.3
        D:9 |    2857 |       0 |   0.0 |      47 |       0 |   0.0
       D:10 |    1065 |    2370 |  69.0 |      22 |      22 |  50.0
       D:11 |    4279 |    8241 |  65.8 |      26 |      21 |  44.7
       D:12 |    2941 |    5415 |  64.8 |      16 |      11 |  40.7
            +---------+---------+-------+---------+---------+-------
